 Dungeon Crawl Stone Soup version 0.30-a0-1161-g0704695555 (webtiles) character file.

Game seed: 12018269964264187755

212 BlueFish the Sneak (level 5, -12/37 HPs)
             Began as an Octopode Fighter on Apr 27, 2023.
             Killed from afar by Ijyb (17 damage)
             ... with a bolt of dispelling energy
             ... on level 3 of the Dungeon.
             The game lasted 00:04:44 (1955 turns).

BlueFish the Sneak (Octopode Fighter)               Turns: 1955, Time: 00:04:45

Health: -12/37     AC:  1    Str: 17    XL:     5   Next: 89%
Magic:  5/5        EV: 13    Int: 11    God:
Gold:   112        SH:  4    Dex: 11    Spells: 4/4 levels left

rFire   . . .        a - +0 flail
rCold   . . .        d - +0 buckler
rNeg    . . .        (helmet restricted)
rPois   .            (no amulet)
rElec   .            (no ring)
rCorr   .            (no ring)
SInv    .            (no ring)
Will    .....        (no ring)
Stlth   ++++         (no ring)
HPRegen 0.26/turn    (no ring)
MPRegen 0.09/turn    (no ring)
                     (no ring)

%: no passive effects
@: no status effects
A: almost no armour, amphibious, 8 rings, camouflage 1, gelatinous body 1,
nimble swimmer 1, tentacles
a: no special abilities


You were on level 3 of the Dungeon.
You visited 1 branch of the dungeon, and saw 3 of its levels.

You collected 112 gold pieces.

Inventory:

Hand Weapons
 a - a +0 flail (weapon)
 b - a +0 sling
Missiles
 e - 24 stones (quivered)
Armour
 d - a +0 buckler (worn)
Wands
 m - a wand of flame (21)
Scrolls
 f - a scroll of brand weapon {unknown}
 h - a scroll of butterflies {unknown}
 i - a scroll of teleportation {unknown}
 j - 4 scrolls of identify {unknown}
 l - a scroll of fear {unknown}
 p - a scroll of enchant armour {unknown}
 q - 3 scrolls of enchant weapon {unknown}
Potions
 c - a potion of might
 g - 3 potions of curing
 k - a potion of heal wounds {unknown}
 n - a potion of mutation {unknown}
 o - a potion of lignification {unknown}


   Skills:
 + Level 3.6 Fighting
 + Level 2.8 Maces & Flails
 + Level 1.7 Throwing
 + Level 3.6 Dodging
 * Level 4.1 Stealth
 + Level 3.6 Shields


You had 4 spell levels left.
You didn't know any spells.
Your spell library contained the following spells:

 Spells                   Type           Power      Damage    Failure   Level
 Magic Dart               Conj           0%         1d3       41%         1
 Call Imp                 Summ           0%         N/A       56%         2
 Sublimation of Blood     Necr           0%         N/A       56%         2
 Ignite Poison            Fire/Tmut/Pois 0%         N/A       80%         3
 Mephitic Cloud           Conj/Pois/Air  0%         N/A       80%         3
 Petrify                  Tmut/Erth      0%         N/A       99%         4
 Sticky Flame             Conj/Fire      0%         2d3       99%         4
 Irradiate                Conj/Tmut      0%         3d11      100%        5
 Ignition                 Fire           0%         3d3       100%        8


Dungeon Overview and Level Annotations

Branches:
Dungeon (3/15)

Altars:

Shops:
D:2 =

Annotations:
D:3 Ijyb


Innate Abilities, Weirdness & Mutations

You cannot wear most types of armour.
You are amphibious.
You can wear up to eight rings at the same time.
Your skin changes colour to match your surroundings (Stealth+).
Your rubbery body absorbs attacks. (AC +1, EV +1)
You are camouflaged when in or above water. (Stealth+)
You have tentacles for arms and can constrict up to eight enemies at once.


Message History

You see here a worm corpse.
You enter the shallow water.
An adder comes into view.
You shoot a sling bullet. The sling bullet hits the adder.
The adder hisses angrily.
The adder is heavily wounded.
You shoot a sling bullet. The sling bullet misses the adder.
You block the adder's attack.
a - a +0 flail (weapon)
The adder closely misses you.
You barely miss the adder. You grab the adder. Your squeeze misses the adder.
The adder is heavily wounded.
You constrict the adder. The adder bites you.
You barely miss the adder. You squeeze the adder.
You kill the adder!
b - a +0 sling (weapon)
You enter the deep water.
You now have 112 gold pieces (gained 10).
You enter the deep water.
You enter the deep water.
You enter the deep water.
Ijyb the Twisted Goblin comes into view.
She is wielding a +0 dagger, wearing a +3 leather armour of fire resistance and carrying a wand of quicksilver (9).
You enter the deep water.
a - a +0 flail (weapon)
The helpless Ijyb fails to defend herself.
You thump Ijyb! Your grab misses Ijyb. You squeeze Ijyb, but do no damage.
Ijyb is moderately wounded.
Ijyb zaps a wand.
The bolt of dispelling energy hits you!!
Ouch! That really hurt!
You hit Ijyb. Your grab misses Ijyb.
Ijyb is heavily wounded.
Ijyb zaps a wand.
The bolt of dispelling energy hits you!
* * * LOW HITPOINT WARNING * * *
You block Ijyb's attack.
Okay, then.
You hit Ijyb. Your grab misses Ijyb.
Ijyb is severely wounded.
Ijyb zaps a wand.
The bolt of dispelling energy hits you!
You die...

################
#########...............
...~.~.~~~~~.~~.~.~~~...
~≈≈≈≈≈~≈≈≈≈≈~≈≈≈≈≈.≈≈≈≈≈
≈♣♣♣≈.≈♣♣♣≈.≈♣♣♣≈~≈♣♣♣≈
♣≈~≈♣ ♣≈.≈♣ ♣≈.≈♣ ♣≈
.≈♣♣♣≈.≈♣♣♣≈.≈♣♣♣≈.≈♣♣♣≈
~≈≈≈≈≈.@≈≈≈≈~≈≈≈≈≈~≈≈≈≈≈
~..~~..g.~~.~~.~~~...~.~
.≈≈≈≈≈~≈≈≈≈≈~≈≈≈≈≈~≈≈≈≈≈
~≈♣♣♣≈~≈♣♣♣≈~≈♣♣♣≈~≈♣♣♣≈
.≈ ♣≈.≈♣ ♣≈.≈♣ ♣≈.≈♣ ♣≈
♣≈~≈♣ ♣≈~≈♣♣♣≈~≈♣♣♣≈
≈≈~≈≈ ~≈≈≈≈≈~≈≈≈≈≈
..~... ~...~......~
~≈≈≈≈≈.≈≈≈≈≈


You could see Ijyb.

Vanquished Creatures
  Terence (D:2)
  Natasha (thrice) (D:2)
  Robin (D:2)
  3 adders
  2 worms
  A dart slug (D:2)
  6 endoplasms
  2 giant cockroaches (D:2)
  9 hobgoblins
  3 quokkas
  3 ball pythons
  5 bats (D:1)
  2 frilled lizards (D:2)
  21 goblins
  3 kobolds
  6 rats
71 creatures vanquished.

Notes
Turn   | Place    | Note
-------+----------+-------------------------------------------
     0 | D:1      | BlueFish the Octopode Fighter began the quest for the Orb.
     0 | D:1      | Reached XP level 1. HP: 16/16 MP: 1/1
   102 | D:1      | Reached skill level 1 in Stealth
   108 | D:1      | Reached XP level 2. HP: 21/21 MP: 2/2
   480 | D:1      | Reached skill level 2 in Stealth
   644 | D:1      | Reached XP level 3. HP: 26/26 MP: 3/3
   762 | D:2      | Noticed Natasha
   767 | D:2      | Killed Natasha
   769 | D:2      | Found Houb's Jewellery Shop.
   877 | D:2      | Reached XP level 4. HP: 31/31 MP: 4/4
   930 | D:2      | Reached skill level 1 in Throwing
   933 | D:2      | Noticed Robin
   994 | D:2      | Reached skill level 3 in Stealth
  1137 | D:2      | Killed Robin
  1403 | D:2      | Noticed Natasha
  1413 | D:2      | Killed Natasha
  1414 | D:2      | Reached XP level 5. HP: 23/36 MP: 5/5
  1471 | D:2      | Noticed Terence
  1479 | D:2      | Killed Terence
  1507 | D:2      | Found a faded altar of an unknown god.
  1678 | D:2      | Noticed Natasha
  1693 | D:2      | Killed Natasha
  1797 | D:3      | Reached skill level 4 in Stealth
  1943 | D:3      | Noticed Ijyb
  1955 | D:3      | Killed from afar by Ijyb

Illustrated notes

Levels and vault maps discovered:
D:1:      dpeg_arrival_more_subterranean_lakeside_camping, layout_loops_cross
D:2:      layout_rooms, shapermc_ecumenical_altar_mp_vishouse, serial_shops,
          shop, minmay_goblin_outpost, uniq_terence, uniq_robin, uniq_natasha
D:3:      minmay_evil_eye, layout_rooms, dk_noncrumbling_4,
          chequers_mini_garden, kennysheep_boxes, uniq_crazy_yiuf_cottage,
          uniq_ijyb, uniq_grinder

Skill      XL: |  1  2  3  4  5 |
---------------+----------------+-----
Stealth        | 1 2 3 4 |  4.1
Throwing       | 1 |  1.7
Fighting       | |  3.6
Maces & Flails | |  2.8
Dodging        | |  3.6
Shields        | |  3.6

Action                     |  1- 3 |  4- 6 || total
---------------------------+-------+-------++-------
  Melee: Flail             |    27 |    55 ||    82
         Constrict         |     6 |    11 ||    17
         Tentacles         |     3 |     9 ||    12
   Fire: Sling             |    50 |    62 ||   112
   Stab: Sleeping          |       |     2 ||     2
 Armour: Skin              |     2 |     2 ||     4
  Dodge: Dodged            |    19 |    32 ||    51
  Block: Buckler           |     8 |    14 ||    22

Table legend: (Time is in decaauts)
 A = Elapsed time spent in this place.
 B = Non-inter-level travel time spent in this place.
 C = Inter-level travel time spent in this place.
 D = Time resting spent in this place.
 E = Time spent auto-exploring this place.
 F = Levels seen in this place.
 G = Mean time per level.
                   A        B        C        D        E       F      G
               +--------+--------+--------+--------+--------+-----+--------+
         Total |   2012 |   1787 |    225 |     14 |   1299 |   3 |  670.7 |
       Dungeon |   2012 |   1787 |    225 |     14 |   1299 |   3 |  670.7 |
               +--------+--------+--------+--------+--------+-----+--------+

Top non-repeatable levels by time:
     D:2: 1028 daAuts
     D:1: 754 daAuts
     D:3: 229 daAuts
